 Dungeon Crawl Stone Soup version 0.30.0-29-ga12c61a403 (webtiles) character file.

Game seed: 5318455269838040710

250 safid the Chiller (level 6, -1/47 HPs)
             Began as a Merfolk Ice Elementalist on June 9, 2023.
             Killed by nerve-wracking pain
             ... invoked by Grinder
              (13 damage)
             ... while paralysed by Grinder
             ... on level 4 of the Dungeon.
             The game lasted 00:04:21 (2717 turns).

safid the Chiller (Merfolk Ice Elementalist)        Turns: 2717, Time: 00:04:22

Health: -1/47      AC:  2    Str:  8    XL:     6   Next: 13%
Magic:  11/11      EV:  2    Int: 23    God:
Gold:   49         SH:  0    Dex: 14    Spells: 5/12 levels left

rFire   . . .        u - +1 short sword (speed)
rCold   . . .        (no shield)
rNeg    . . .        a - +0 robe
rPois   .            (no helmet)
rElec   .            (no cloak)
rCorr   .            (no gloves)
SInv    .            (no boots)
Will    .....        (no amulet)
Stlth   ++           c - ring of wizardry
HPRegen 0.27/turn    s - +6 ring of intelligence
MPRegen 0.12/turn

%: wizardry (x1)
@: paralysed
A: (nimble swimmer 2), mertail
a: no special abilities


You were on level 4 of the Dungeon.
You visited 1 branch of the dungeon, and saw 4 of its levels.

You collected 161 gold pieces.
You spent 112 gold pieces at shops.

Inventory:

Hand Weapons
 u - a +1 short sword of speed (weapon)
Armour
 a - a +0 robe (worn)
Jewellery
 c - a ring of wizardry (left hand)
 g - a ring of fire
 s - a +6 ring of intelligence (right hand)
 v - a ring of ice
 x - a +6 ring of intelligence
Wands
 f - a wand of flame (17)
Scrolls
 e - a scroll of teleportation {unknown}
 i - a scroll of immolation {unknown}
 j - 2 scrolls of enchant weapon {unknown}
 k - a scroll of noise {unknown}
 l - 4 scrolls of identify {unknown}
 m - a scroll of summoning {unknown}
 n - 2 scrolls of amnesia {unknown}
 o - 2 scrolls of vulnerability {unknown}
 q - a scroll of magic mapping {unknown}
 y - 2 scrolls of poison {unknown}
Potions
 b - a potion of magic
 d - 2 potions of lignification {unknown}
 h - 4 potions of curing
 p - 4 potions of heal wounds
 r - a potion of flight {unknown}
 t - a potion of might {unknown}
 w - 2 potions of resistance {unknown}
 z - a potion of haste {unknown}


   Skills:
 + Level 3.4 Fighting
 - Level 2.6 Dodging
 - Level 2.1 Stealth
 + Level 3.6 Spellcasting
 + Level 5.7 Ice Magic


You had 5 spell levels left.
You knew the following spells:

 Your Spells              Type           Power      Damage    Failure   Level
a - Freeze                Ice            100%       1d10      1%          1
b - Frozen Ramparts       Ice            60%        1d10      1%          3
c - Ozocubu's Armour      Ice            30%        N/A       1%          3

Your spell library contained the following spells:

 Spells                   Type           Power      Damage    Failure   Level
 Ensorcelled Hibernation  Hex/Ice        34%        N/A       1%          2
 Apportation              Tloc           8%         N/A       4%          1
 Lesser Beckoning         Tloc           8%         N/A       6%          2
 Gell's Gravitas          Tloc           4%         N/A       13%         3
 Spider Form              Tmut/Pois      4%         N/A       13%         3
 Teleport Other           Tloc           4%         N/A       13%         3
 Summon Ice Beast         Ice/Summ       17%        N/A       13%         4
 Anguish                  Hex/Necr       2%         N/A       38%         4
 Alistair's Intoxication  Tmut/Pois      2%         N/A       71%         5


Dungeon Overview and Level Annotations

Branches:
Dungeon (4/15)
 Temple: D:4-7

Altars:

Shops:
D:2 !

Annotations:
D:4 Grinder


Innate Abilities, Weirdness & Mutations

((You are very nimble when in or above water. (Stealth+, EV+, Speed+++)))
Your lower body shifts to a powerful aquatic tail in water.


Message History

Press: ? - help, Shift-Dir - straight line, f - endoplasm
Aim: an endoplasm (asleep)
You freeze the endoplasm.
The endoplasm quivers.
The endoplasm is lightly wounded.
The endoplasm barely misses you.
Casting: Freeze (safe; 1% risk of failure)
Confirm with . or Enter, or press ? or * to list all spells.
Aiming: Freeze (safe; 1% risk of failure)
Press: ? - help, Shift-Dir - straight line, f/p - endoplasm
Aim: an endoplasm (lightly wounded)
You freeze the endoplasm!
You kill the endoplasm!
Unknown command.
HP restored.
y - 2 scrolls labelled BUGUTW VADADU (gained 1)
l - 4 scrolls labelled SOCKAJ BOR (gained 1)
Found an escape hatch in the floor.
There is an escape hatch in the floor here.
Found a dagger.
Found a stone staircase leading down.
You see here a +0 dagger.
You now have 49 gold pieces (gained 10).
Grinder and a quokka come into view.
There are monsters nearby!
Grinder gestures at you. Pain shoots through your body!
Grinder blinks!
Grinder hits you but does no damage. Grinder attacks as you move away!
Grinder misses you.
You hit Grinder but do no damage. Grinder hits you!
You writhe in agony.
You barely miss Grinder. Grinder gestures at you.
You suddenly lose the ability to move!
Grinder hits you.
You writhe in agony.
Grinder hits you.
You writhe in agony.
* * * LOW HITPOINT WARNING * * *
Grinder gestures at you. Pain shoots through your body!
You die...

##
####r########....
.................
####.####5######
#......@..#
######.##.#
#.##.# #.##.#
#.##.# ..##.#
.###.###### ### .
#.......# ... ..#
#.###.####.#


You could see Grinder.

Vanquished Creatures
  A hound (D:4)
  An iguana (D:3)
  9 adders
  4 gnolls (D:2)
  2 worms
  An orc (D:3)
  7 bats
  11 endoplasms
  A giant cockroach (D:4)
  8 goblins
  8 hobgoblins
  A quokka (D:3)
  8 ball pythons
  3 frilled lizards
  4 kobolds
  4 rats
73 creatures vanquished.

Notes
Turn   | Place    | Note
-------+----------+-------------------------------------------
     0 | D:1      | safid the Merfolk Ice Elementalist began the quest for the
                  | Orb.
     0 | D:1      | Reached XP level 1. HP: 13/13 MP: 3/3
   212 | D:1      | Reached XP level 2. HP: 13/20 MP: 3/5
   250 | D:1      | Reached skill level 1 in Fighting
   622 | D:1      | Reached XP level 3. HP: 20/26 MP: 3/6
   855 | D:2      | Reached skill level 5 in Ice Magic
   855 | D:2      | Reached XP level 4. HP: 30/33 MP: 1/8
   898 | D:1      | Learned a level 3 spell: Frozen Ramparts
   902 | D:1      | Learned a level 3 spell: Ozocubu's Armour
   975 | D:2      | Found Unnisefy's Distillery.
  1039 | D:2      | Bought a potion of curing for 42 gold pieces
  1407 | D:2      | Reached XP level 5. HP: 39/39 MP: 7/9
  2497 | D:2      | Bought a potion of heal wounds for 70 gold pieces
  2616 | D:4      | Reached XP level 6. HP: 39/47 MP: 7/11
  2707 | D:4      | Noticed Grinder
  2714 | D:4      | Paralysed by Grinder for 3 turns
  2717 | D:4      | Killed from afar by Grinder

Illustrated notes

Levels and vault maps discovered:
D:1:      heliophobic_arrival_henge, layout_basic, minmay_hexomino_c4
D:2:      layout_rooms, serial_shops, shop, grunt_ministairs_7,
          minmay_misc_feat_ornament
D:3:      layout_loops_cross
D:4:      layout_loops_ring, gammafunk_ghost_mausoleum, uniq_grinder,
          uniq_natasha, uniq_sigmund

Skill      XL: |  1  2  3  4  5 |
---------------+----------------+-----
Fighting       | 1 2 3 |  3.4
Ice Magic      | 5 |  5.7
Spellcasting   | 3 |  3.6
Dodging        | |  2.6
Stealth        | |  2.1

Action                     |  1- 3 |  4- 6 || total
---------------------------+-------+-------++-------
  Melee: Unarmed           |     8 |       ||     8
         Short sword       |    39 |    40 ||    79
         Punch             |     1 |       ||     1
   Cast: Freeze            |    39 |    65 ||   104
         Frozen Ramparts   |       |     1 ||     1
   Stab: Sleeping          |     2 |     2 ||     4
 Armour: Robe              |    16 |     8 ||    24
  Dodge: Dodged            |    55 |    46 ||   101
